 Dungeon Crawl Stone Soup version 0.29-a0-184-g2ef5e920f0 (webtiles) character file.

Game seed: 630745521366996193

2 nuaici the Chiller (level 1, 0/15 HPs)
             Began as a Naga Ice Elementalist on Feb 21, 2022.
             Slain by a jackal (3 damage)
             ... on level 1 of the Dungeon.
             The game lasted 00:04:28 (108 turns).

nuaici the Chiller (Naga Ice Elementalist)           Turns: 108, Time: 00:04:28

Health: 0/15       AC:  1    Str: 10    XL:     1   Next: 40%
Magic:  3/3        EV:  9    Int: 15    God:
Gold:   0          SH:  0    Dex: 11    Spells: 3/4 levels left

rFire   . . .      SeeInvis +   (no weapon)
rCold   . . .      Faith    .   (no shield)
rNeg    . . .      Spirit   .   a - +0 robe
rPois   +          Reflect  .   (no helmet)
rElec   .          Harm     .   (no cloak)
rCorr   .          Rampage  .   (no gloves)
Will    .....                   (no barding)
Stlth   ++........              (no amulet)
HPRegen 0.05/turn               (no ring)
MPRegen 0.08/turn               (no ring)

@: very slow
A: AC +0, large, see invisible, deformed body, poison resistance, slowness 2,
spit poison 1, naga tail 1
a: Spit Poison


You were on level 1 of the Dungeon.
You visited 1 branch of the dungeon, and saw 1 of its levels.

Inventory:

Armour
 a - a +0 robe (worn)


   Skills:
 + Level 1.5 Dodging
 + Level 3.0 Stealth
 + Level 2.0 Spellcasting
 + Level 4.1 Ice Magic


You had 3 spell levels left.
You knew the following spells:

 Your Spells              Type           Power      Damage    Failure   Level
a - Freeze                Ice            52%        1d7       4%          1

Your spell library contained the following spells:

 Spells                   Type           Power      Damage    Failure   Level
 Frozen Ramparts          Ice            26%        1d4       12%         3
 Ozocubu's Armour         Ice            13%        N/A       12%         3
 Hailstorm                Conj/Ice       7%         3d4       67%         4


Dungeon Overview and Level Annotations

Branches:
Dungeon (1/15)

Altars:


Innate Abilities, Weirdness & Mutations

Your serpentine skin is tough. (AC +0)
You have supernaturally acute eyesight. (SInv)
Armour fits poorly on your strangely shaped body.
Your system is resistant to poisons. (rPois)
You cover ground very slowly.
You can spit poison.
You have a snake-like lower body.


Message History

You hit the bat.
You kill the bat!
Things that are here:
a +0 dagger; a goblin corpse You aren't carrying any scrolls.
You aren't wearing any rings or amulets.
Welcome back, nuaici the Naga Ice Elementalist.
Press ? for a list of commands and other information.
You open the door.
There is an open door here.
A jackal comes into view.
Found 5 gold pieces.
Aiming: Freeze (safe; 4% risk of failure)
Press: ? - help, Q - select action, (/) - cycle Shift-Dir - straight line
Okay, then.
Found 18 stones.
A jackal comes into view.
You see here 5 gold pieces.
The jackal barks!
You hear a bark!
A jackal comes into view.
The jackal barks!
You see here 5 gold pieces.
A jackal comes into view.
The jackal barks!
You see here 5 gold pieces.
The jackal barely misses you.
You hit the jackal.
The jackal is heavily wounded.
The jackal barely misses you.
You closely miss the jackal.
The jackal is heavily wounded.
The jackal closely misses you.
You hit the jackal but do no damage.
The jackal bites you but does no damage.
You barely miss the jackal. The jackal barely misses you.
You hit the jackal but do no damage. The jackal bites you. x2
You closely miss the jackal. The jackal bites you.
* * * LOW HITPOINT WARNING * * *
You hit the jackal but do no damage. The jackal bites you.
You die...

############
#.@hhhh..(..
#.#########.
#.# #####'##
###......#
.........#
.##......###
#####.#......
#.#(#####


You could see 4 jackals.

Vanquished Creatures
  A bat (D:1)
  A goblin (D:1)
2 creatures vanquished.

Notes
Turn   | Place    | Note
-------+----------+-------------------------------------------
     0 | D:1      | nuaici the Naga Ice Elementalist began the quest for the
                  | Orb.
     0 | D:1      | Reached XP level 1. HP: 15/15 MP: 3/3
   108 | D:1      | Slain by a jackal

Illustrated notes

Levels and vault maps discovered:
D:1:      heliophobic_arrival_henge, layout_basic, serial_shops,
          nicolae_shop_statue_plus, dilly_ecumenical_altar_fadedgnrine,
          grunt_decor_junction

Action                   || total
-------------------------++-------
Melee: Unarmed           ||    15
 Cast: Freeze            ||     3
 Abil: Spit Poison       ||     1
Armor: Robe              ||     4
Dodge: Dodged            ||    12

Table legend: (Time is in decaauts)
 A = Elapsed time spent in this place.
 B = Non-inter-level travel time spent in this place.
 C = Inter-level travel time spent in this place.
 D = Time resting spent in this place.
 E = Time spent auto-exploring this place.
 F = Levels seen in this place.
 G = Mean time per level.
                   A        B        C        D        E       F      G
               +--------+--------+--------+--------+--------+-----+--------+
         Total |    143 |    133 |     10 |      0 |      0 |   1 |  143.0 |
       Dungeon |    143 |    133 |     10 |      0 |      0 |   1 |  143.0 |
               +--------+--------+--------+--------+--------+-----+--------+

Top non-repeatable levels by time:
     D:1: 143 daAuts
